 Dungeon Crawl Stone Soup version 0.30.0-10-gfe55d96785 (webtiles) character file.

Game seed: 15020518001072784213

56 Byczy the Ducker (level 3, 0/27 HPs)
             Began as a Vampire Gladiator on May 15, 2023.
             Slain by a gnoll
             ... wielding a +0 whip
              (7 damage)
             ... on level 3 of the Dungeon.
             The game lasted 00:03:48 (1455 turns).

Byczy the Ducker (Vampire Gladiator)                Turns: 1455, Time: 00:03:48

Health: 0/27       AC:  6    Str: 15    XL:     3   Next: 69%
Magic:  3/3        EV: 12    Int: 10    God:
Gold:   136        SH:  0    Dex: 15    Spells: 2/2 levels left

rFire   . . .        g - +3 dagger (speed)
rCold   . . .        (no shield)
rNeg    . . .        v - +0 ring mail
rPois   .            c - +0 helmet
rElec   .            (no cloak)
rCorr   .            (no gloves)
SInv    +            (no boots)
Will    .....        (no amulet)
Stlth   +            (no ring)
HPRegen 0.44/turn    (no ring)
MPRegen 0.08/turn

%: no passive effects
@: healing quickly
A: alive, fangs 3, see invisible, vampiric 2
a: Exsanguinate


You were on level 3 of the Dungeon.
You visited 1 branch of the dungeon, and saw 3 of its levels.

You collected 136 gold pieces.

Inventory:

Hand Weapons
 a - a +0 war axe
 g - a +3 dagger of speed (weapon)
 j - a +0 club
Missiles
 d - 3 throwing nets (quivered)
 e - a javelin
Armour
 b - a +0 leather armour
 c - a +0 helmet (worn)
 v - a +0 ring mail (worn)
Jewellery
 r - a +6 ring of dexterity
Scrolls
 l - 2 scrolls of enchant weapon {unknown}
 m - 5 scrolls of identify
 s - a scroll of blinking {unknown}
 w - a scroll of immolation {unknown}
 x - a scroll of teleportation
Potions
 f - a potion of curing {unknown}
 h - 2 potions of flight {unknown}
 i - 3 potions of brilliance
 k - a potion of haste {unknown}
 n - a potion of cancellation {unknown}
 o - a potion of heal wounds {unknown}
 p - a potion of might {unknown}
 q - 2 potions of lignification {unknown}
 t - a potion of degeneration {unknown}
 u - 3 potions of mutation {unknown}


   Skills:
 + Level 2.2 Fighting
 + Level 0.7 Short Blades
 + Level 3.2 Axes
 + Level 1.7 Throwing
 + Level 0.6 Armour
 + Level 3.9 Dodging
 + Level 0.3 Stealth


You had 2 spell levels left.
You didn't know any spells.
Your spell library contained the following spells:

 Spells                   Type           Power      Damage    Failure   Level
 Sandblast                Erth           0%         2d4       58%         1
 Summon Small Mammal      Summ           0%         N/A       58%         1
 Passwall                 Tmut/Erth      0%         N/A       75%         2
 Call Canine Familiar     Summ           0%         N/A       92%         3
 Stone Arrow              Conj/Erth      0%         3d7       92%         3
 Summon Guardian Golem    Hex/Summ       0%         N/A       92%         3


Dungeon Overview and Level Annotations

Branches:
Dungeon (3/15)

Altars:
Vehumet

Annotations:
D:2 Sigmund


Innate Abilities, Weirdness & Mutations

Your natural rate of healing is accelerated.
You have razor-sharp teeth.
You have supernaturally acute eyesight. (SInv)
You are afflicted with vampirism and can become a bat while bloodless.


Message History

The gnoll is lightly wounded.
You hit the gnoll.
The gnoll is severely wounded.
The gnoll hits you with a +0 club. The gnoll hits you but does no damage.
You hit the gnoll.
The gnoll is severely wounded.
You hit the gnoll.
You kill the gnoll!
The gnoll closely misses you.
You barely miss the gnoll.
The gnoll is lightly wounded.
The gnoll misses you.
You closely miss the gnoll.
The gnoll is lightly wounded.
You hit the gnoll. You bite the gnoll, but do no damage.
The gnoll is heavily wounded.
The gnoll barely misses you.
You barely miss the gnoll.
The gnoll is heavily wounded.
You hit the gnoll.
The gnoll is heavily wounded.
You hit the gnoll but do no damage.
The gnoll is heavily wounded.
The gnoll hits you with a +0 whip. The rat bites you.
* * * LOW HITPOINT WARNING * * *
Okay, then.
You hit the rat.
You kill the rat!
The gnoll barely misses you. x2
You closely miss the gnoll.
The gnoll is heavily wounded.
You hit the gnoll but do no damage.
The gnoll is heavily wounded.
The gnoll hits you from afar with a +0 spear.
* * * LOW HITPOINT WARNING * * *
The gnoll hits you but does no damage. The gnoll misses you.
You hit the gnoll. You bite the gnoll.
You kill the gnoll!
The gnoll hits you with a +0 whip!
You die...

......#### # ........#
.#.#..<....# .....#..##.#
####### ...........# #...)..
........#..# #......
#<.......g.# #......
....#..###g######### #......
. ........)@..##...# #......
.........#....##.#.# #......
...##....#....##.#.# #......
## #..#......##.#.###......
....#...#####.#..........
..######..####.....#####.###
..............รท......>##.#
.#.....#)####...........##
#.....#...##)##<........##


You could see 2 gnolls.

Vanquished Creatures
  2 gnolls (D:3)
  A worm (D:2)
  A dart slug (D:1)
  3 ball pythons (D:1)
  3 bats (D:3)
  2 giant cockroaches (D:1)
  3 goblins
  2 hobgoblins
  2 jackals (D:1)
  7 kobolds (D:1)
  2 quokkas (D:2)
  12 frilled lizards (D:1)
  3 rats
43 creatures vanquished.

Notes
Turn   | Place    | Note
-------+----------+-------------------------------------------
     0 | D:1      | Byczy the Vampire Gladiator began the quest for the Orb.
     0 | D:1      | Reached XP level 1. HP: 16/16 MP: 1/1
    74 | D:1      | Reached XP level 2. HP: 22/22 MP: 2/2
   403 | D:1      | Gained mutation: You are afflicted with vampirism and can
                  | become a bat while bloodless. [Vampire growth]
   403 | D:1      | Reached XP level 3. HP: 27/27 MP: 3/3
  1076 | D:2      | Noticed Sigmund
  1315 | D:3      | Found a radiant altar of Vehumet.
  1455 | D:3      | Slain by a gnoll

Illustrated notes

Levels and vault maps discovered:
D:1:      evilmike_arrival_hilbert_curve, layout_rooms, minmay_lizard_king
D:2:      layout_basic, hellmonk_ecumenical_altar_lost_god, uniq_sigmund
D:3:      layout_basic, mainiacjoe_overflow_concentric_impassable,
          makhleb_altar_promises_db

Skill      XL: |  1  2 |
---------------+-------+-----
Axes           | 3 |  3.2
Fighting       | 2 |  2.2
Short Blades   | |  0.7
Throwing       | |  1.7
Armour         | |  0.6
Dodging        | |  3.9
Stealth        | |  0.3

Action                     || total
---------------------------++-------
  Melee: War axe           ||    11
         Dagger            ||   108
         Bite              ||    14
    Use: Scroll            ||     3
 Armour: Leather armour    ||    24
         Ring mail         ||     4
  Dodge: Dodged            ||    84
